 Dungeon Crawl Stone Soup version 0.22.0-36-g8e74550 (webtiles) character file.

174 poirepourri the Magician (level 5, -6/35 HPs)
             Began as a Mummy Ice Elementalist on Aug 24, 2018.
             Mangled by an ogre
             ... wielding a +0 giant spiked club
              (33 damage)
             ... on level 4 of the Dungeon.
             The game lasted 00:05:51 (4456 turns).

poirepourri the Magician (Mummy Ice Elementalist)   Turns: 4456, Time: 00:05:52

Health: -6/35      AC:  4    Str: 12    XL:     5   Next: 28%
Magic:  4/13       EV: 12    Int: 15    God:
Gold:   120        SH:  0    Dex: 12    Spells: 2/16 levels left

rFire    x . .     SeeInvis .   a - +0 short sword
rCold    + . .     Gourm    .   (no shield)
rNeg     + + +     Faith    .   d - +2 robe
rPois    ∞         Spirit   .   (no helmet)
rElec    .         Reflect  .   (no cloak)
rCorr    .         Harm     .   (no gloves)
MR       .....                  (no boots)
Stlth    ++........             (no amulet)
HPRegen  0.11/turn              (no ring)
MPRegen  0.13/turn              (no ring)

@: no status effects
A: no food or potions, fire vulnerability, cold resistance 1, negative energy
resistance 3, torment resistance, unbreathing
a: no special abilities


You were on level 4 of the Dungeon.
You were not hungry.

You visited 2 branches of the dungeon, and saw 5 of its levels.

You collected 120 gold pieces.

Inventory:

Hand Weapons
 a - a +0 short sword (weapon)
 b - a +0 blowgun
Missiles
 g - 5 tomahawks (quivered)
 j - 5 poisoned needles
Armour
 d - a +2 robe (worn)
Wands
 f - a wand of iceblast (11)
Scrolls
 c - a scroll of amnesia
 e - a scroll of blinking
 h - a scroll of immolation
 i - 2 scrolls of enchant armour
 k - a scroll of teleportation {unknown}
 l - a scroll of identify


   Skills:
 - Level 1.5 Dodging
 - Level 1.5 Stealth
 + Level 6.2 Spellcasting
 - Level 1.0 Conjurations
 - Level 3.0 Ice Magic


You had 2 spell levels left.
You knew the following spells:

 Your Spells              Type           Power        Failure   Level  Hunger
a - Freeze                Ice            ##..         4%          1    N/A
b - Throw Frost           Conj/Ice       ##....       10%         2    N/A
c - Ozocubu's Armour      Chrm/Ice       #.......     24%         3    N/A
d - Throw Icicle          Conj/Ice       ##......     52%         4    N/A
e - Summon Ice Beast      Ice/Summ       #.......     61%         4    N/A

Your spell library contained the following spells:

 Spells                   Type           Power        Failure   Level  Hunger


Dungeon Overview and Level Annotations

Branches:
Dungeon (4/15)             Temple (1/1) D:4

Altars:
Cheibriados
Dithmenos
Elyvilon
Fedhas
Gozag
Hepliaklqana
Makhleb
Okawaru
Qazlal
Ru
Sif Muna
Trog
Uskayaw
Vehumet
Wu Jian
Yredelemnul
Zin
The Shining One


Innate Abilities, Weirdness & Mutations

You do not eat or drink.
Your flesh is vulnerable to fire.
You are immune to poison.
Your flesh is cold resistant. (rC+)
You are immune to negative energy. (rN+++)
You are immune to unholy pain and torment.
You can survive without breathing.


Message History

The ogre is lightly wounded.
Evoke which item? (* to show all) (? for menu, Esc to quit)
Okay, then.
Evoke which item? (* to show all) (? for menu, Esc to quit)
Aiming: Iceblast
Press: ? - help, Shift-Dir - straight line, f/p - ogre
Aim: an ogre, wielding a giant spiked club (lightly wounded)
The mass of ice explodes!
The iceblast engulfs the ogre.
The ogre is moderately wounded.
You hear a shout!
You hear an angry hiss.
You hear a shout! x2
Casting: Throw Frost (safe; 10% risk of failure)
Confirm with . or Enter, or press ? or * to list all spells.
Aiming: Freeze (safe; 4% risk of failure)
Press: ? - help, Shift-Dir - straight line, f/p - ogre
Aim: an ogre, wielding a giant spiked club (moderately wounded)
You freeze the ogre.
The ogre is severely wounded.
The ogre hits you with a giant spiked club!!
Ouch! That really hurt!
You die...

##.# ...#.# #..#.#
#g.#.#.# #..#.#.# .#
# ######..#.#.# .# #.
..........#.##.#
#.##.######).#.#....#
#....(<.@O)..)(.....#
#####.#####..#......#
#. ####......#### #.
###........ #.
#.....##### #.
#<....# #. #.....# ..
#.....# #....)##


You could see an ogre.

Vanquished Creatures
  An orc wizard (D:4)
  Robin (D:4)
  5 adders
  2 oozes (D:1)
  A worm (D:2)
  A leopard gecko (D:4)
  4 orcs
  10 giant cockroaches
  8 hobgoblins
  4 jackals (D:2)
  2 quokkas (D:2)
  3 bats
  A frilled lizard (D:2)
  12 goblins
  4 kobolds
  13 rats
72 creatures vanquished.

Notes
Turn   | Place    | Note
-------+----------+-------------------------------------------
     0 | D:1      | poirepourri the Mummy Ice Elementalist began the quest for the Orb.
     0 | D:1      | Reached XP level 1. HP: 13/13 MP: 4/4
   263 | D:1      | Reached skill level 3 in Spellcasting
   717 | D:1      | Reached XP level 2. HP: 12/19 MP: 1/6
   859 | D:1      | Reached skill level 4 in Spellcasting
  1085 | D:1      | Learned a level 2 spell: Throw Frost
  1239 | D:2      | Found a sacrificial altar of Ru.
  1336 | D:2      | Reached XP level 3. HP: 12/24 MP: 5/9
  1649 | D:2      | Learned a level 3 spell: Ozocubu's Armour
  1972 | D:2      | Reached skill level 5 in Spellcasting
  2233 | D:2      | Reached skill level 1 in Conjurations
  2474 | D:2      | Reached XP level 4. HP: 30/30 MP: 1/11
  2878 | D:2      | Learned a level 4 spell: Throw Icicle
  2883 | D:2      | Learned a level 4 spell: Summon Ice Beast
  3388 | D:3      | Found a bloodstained altar of Trog.
  3482 | D:3      | Reached skill level 6 in Spellcasting
  3840 | D:4      | Noticed Robin
  3845 | D:4      | Noticed an ogre
  3910 | D:4      | Found a staircase to the Ecumenical Temple.
  3920 | D:4      | Reached XP level 5. HP: 35/35 MP: 5/13
  4139 | Temple   | Entered the Ecumenical Temple
  4429 | D:4      | Killed Robin
  4456 | D:4      | Mangled by an ogre

Skill      XL: |  1  2  3  4  5 |
---------------+----------------+-----
Spellcasting   | 3 4 5 6 |  6.2
Conjurations   | 1 |  1.0
Ice Magic      | 3 |  3.0
Dodging        | |  1.5
Stealth        | |  1.5

Action                   |  1- 3 |  4- 6 || total
-------------------------+-------+-------++-------
Melee: Unarmed           |     5 |       ||     5
       Short sword       |     6 |     7 ||    13
 Fire: Blowgun           |       |     3 ||     3
 Cast: Freeze            |    56 |    49 ||   105
       Throw Frost       |    14 |    20 ||    34
Evoke: Wand              |       |     1 ||     1
  Use: Scroll            |     4 |     5 ||     9
Armor: Robe              |    11 |    15 ||    26
Dodge: Dodged            |    46 |    29 ||    75
